 Dungeon Crawl Stone Soup version 0.32-a0-893-gf85d74f360 (webtiles) character file.

Game seed: 3826786425271388055

2461 Heh the Trooper (level 9, 0/70 (74) HPs)
             Began as a Coglin Gladiator on Apr 4, 2024.
             Was an Initiate of Gozag.
             Killed by divine providence
             ... invoked by Jeremiah
              (11 damage)
             ... on level 7 of the Dungeon.
             The game lasted 00:12:37 (5775 turns).

Heh the Trooper (Coglin Gladiator)                  Turns: 5775, Time: 00:12:38

HP:   0/70 (74)     AC:  9    Str: 14 (16) XL:     9   Next: 50%
MP:   9/9           EV: 10    Int:  6 (9)  God:    Gozag
Gold: 198           SH:  0    Dex: 15 (17) Spells: 8/8 levels left

rFire   . . .        t - +1 whip (elec) {Myungok}
rCold   . . .        g - +1 flail (protect) {Aiguo}
rNeg    . . .        u - +0 scale mail
rPois   .            c - +1 helmet
rElec   .            p - scarf {+Inv}
rCorr   .            (no gloves)
SInv    .            (no boots)
Will    .....        (amulet unavailable) Stlth
                     (ring unavailable)
HPRegen 0.31/turn    (ring unavailable)
MPRegen 0.11/turn    (no gizmo)

%: no passive effects
@: drained
A: off-hand wielding, slow wielding, warmup strikes, no jewellery
a: Invent Gizmo, Renounce Religion, Evoke Invisibility, Potion Petition, Call
Merchant, Bribe Branch


You were on level 7 of the Dungeon.
You worshipped Gozag.
Gozag was aware of your devotion.
You visited 2 branches of the dungeon, and saw 8 of its levels.

You collected 543 gold pieces.
You paid 345 gold pieces to Gozag.

Inventory:

Hand Weapons
 a - a +0 long sword {Shi}
 f - a +0 dagger {Theobald}
 g - a +1 flail of protection (offhand) {Aiguo}
 h - a +4 flail
 t - a +1 whip of electrocution (weapon) {Myungok}
 y - the +7 dagger of Kismet {venom, rN+ Int+3 Stlth+}
   (You found it on level 4 of the Dungeon)

   Int+3:     It affects your intelligence (+3).
   rN+:       It protects you from negative energy.
   Stlth+:    It makes you more stealthy.
 A - a +6 battleaxe of freezing
 B - a +1 hammer of protection {Bor}
 D - a +4 dagger of holy wrath
Missiles
 d - 3 throwing nets (quivered)
 e - a javelin
Armour
 b - a +0 leather armour
 c - a +1 helmet (worn)
 o - a +0 ring mail
 p - a scarf of invisibility (worn)
 u - a +0 scale mail (worn)
 z - a +0 plate armour of cold resistance
 E - a +2 robe of willpower
Wands
 v - a wand of charming (7)
Scrolls
 j - 3 scrolls of summoning
 l - 2 scrolls of noise
 w - a scroll of vulnerability
 G - a scroll of enchant armour
Potions
 i - a potion of attraction
 n - 2 potions of enlightenment
 q - a potion of brilliance


   Skills:
 * Level 7.8 Fighting
 - Level 3.6 Long Blades
 * Level 6.1 Maces & Flails
 - Level 1.9 Throwing
 + Level 4.1 Armour
 + Level 5.2 Dodging


You had 8 spell levels left.
You didn't know any spells.
Your spell library contained the following spells:

 Spells                   Type           Power      Damage    Failure   Level
 Sting                    Conj/Alch      0%         1d3       89%         1
 Ensorcelled Hibernation  Hex/Ice        0%         N/A       96%         2
 Mercury Vapours          Alch/Air       0%         N/A       96%         2
 Fugue of the Fallen      Necr           0%         N/A       99%         3
 Anguish                  Hex/Necr       0%         N/A       100%        4
 Olgreb's Toxic Radiance  Alch           0%         N/A       100%        4


Dungeon Overview and Level Annotations

Branches:
Dungeon (7/15)             Temple (1/1) D:4

Altars:
Cheibriados
Dithmenos
Elyvilon
Fedhas
Gozag
Hepliaklqana
Kikubaaqudgha
Makhleb
Nemelex Xobeh
Okawaru
Qazlal
Sif Muna
Trog
Uskayaw
Vehumet
Wu Jian
Xom
Zin
The Shining One

Shops:
D:2 *   D:4 [   D:5 =

Portals:
Abyss: D:4

Annotations:
D:4 2 transporters, THTSBRD's ghost, amateur DrMo
D:5 1 runed translucent door, Neon14's ghost, novice MiBe
D:7 Jeremiah


Innate Abilities, Weirdness & Mutations

You can wield a second weapon in your off-hand.
It takes a long time for you to wield or remove held weapons.
Your first few attacks do less damage.
You cannot equip rings or amulets.


Message History

You flicker back into view.
Your resistance to elements expires.
Your enlightenment fades.
The butterfly disappears in a burst of colours! x2
You fade into invisibility!
It was a potion of lignification.
You turn into a tree.
Your scarf of invisibility melds into your body.
Your +1 helmet melds into your body.
Your +0 scale mail melds into your body.
Your roots penetrate the ground.
The butterfly disappears in a burst of colours!
You barely miss the butterfly with your +1 flail of protection.
You miss the butterfly with your +1 whip of electrocution.
The butterfly disappears in a burst of colours! x2
Jeremiah cries, "Fearful master, protect me!"
Something smites you!
* * * LOW HITPOINT WARNING * * *
It was a potion of degeneration.
There was something very wrong with that liquid.
You feel weakened.
You feel dopey.
You feel clumsy.
Okay, then.
As you read the scroll of summoning, it crumbles to dust.
Wisps of shadow whirl around you...
Okay, then.
As you read the scroll of silence, it crumbles to dust.
A profound silence engulfs you.
The butterfly disappears in a burst of colours! x2
Your magical effects are unravelling.
You feel magically purged.
You feel less wooden.
Your scarf of invisibility unmelds from your body.
Your +1 helmet unmelds from your body.
Your +0 scale mail unmelds from your body.
You flicker back into view.
Your hearing returns.
The butterfly disappears in a burst of colours!
Your water moccasin misses the butterfly.
Jeremiah throws their arms up pleadingly.
Something smites you!
You die...
Jeremiah says, "O terrible one, your will is done."
Your body crumbles into a pile of gold.

###### #....# #....############
##############o...##.........##
#..b....bbFbbbSoo..............
#F############@...##.........##
#.. #..[.##.........## #bb#
#....##...).....## #b#
#######.........## #)
#.........## . #########... #
#.## #.## #.##


You could see Jeremiah, a friendly water moccasin (summoned) and 3 friendly
orcs.

Vanquished Creatures
  Sigmund (D:5)
  Eustachio (D:6)
  A wyvern (D:7)
  3 water moccasins
  Duvessa (D:7)
  A black bear (D:5)
  A sky beast (D:5)
  2 centaurs (D:6)
  A gnoll sergeant (D:6)
  2 scorpions
  5 wights (D:4)
  Dowan (D:7)
  A jelly (D:4)
  4 howler monkeys
  A bombardier beetle (D:3)
  Crazy Yiuf (D:5)
  3 hounds
  2 orc priests
  4 iguanas
  An orc wizard (D:5)
  3 gnolls (D:6)
  11 adders
  A shadow imp (D:6)
  2 white imps
  2 ufetubi (D:5)
  5 dart slugs
  2 ribbon worms
  13 orcs
  7 ball pythons
  An endoplasm (D:2)
  2 giant cockroaches
  5 goblins
  4 hobgoblins
  6 quokkas
  5 bats
  4 frilled lizards
  7 kobolds
  5 rats
122 creatures vanquished.

Notes
Turn   | Place    | Note
-------+----------+-------------------------------------------
     0 | D:1      | Heh the Coglin Gladiator began the quest for the Orb.
     0 | D:1      | Reached XP level 1. HP: 16/16 MP: 1/1
   202 | D:1      | Reached XP level 2. HP: 23/23 MP: 2/2
   655 | D:2      | Reached skill level 3 in Fighting
   655 | D:2      | Reached XP level 3. HP: 29/29 MP: 3/3
   709 | D:2      | Found a faded altar of an unknown god.
   837 | D:2      | Reached XP level 4. HP: 36/36 MP: 4/4
  1023 | D:2      | Found Losh's General Store.
  1407 | D:3      | Reached skill level 1 in Maces & Flails
  1407 | D:3      | Reached XP level 5. HP: 42/42 MP: 5/5
  1607 | D:3      | Reached skill level 4 in Fighting
  1668 | D:3      | Found a glowing silver altar of Zin.
  1915 | D:3      | Reached skill level 1 in Armour
  2200 | D:4      | Found a bloodstained altar of Trog.
  2214 | D:4      | Identified the +7 dagger of Kismet {venom, rN+ Int+3
                  | Stlth+}
  2365 | D:4      | Found a staircase to the Ecumenical Temple.
  2443 | D:4      | Found a burning altar of Makhleb.
  2467 | D:4      | Reached XP level 6. HP: 49/49 MP: 6/6
  2500 | Temple   | Entered the Ecumenical Temple
  2513 | Temple   | Became a worshipper of Gozag Ym Sagoz the Greedy
  2596 | D:4      | Reached XP level 7. HP: 24/55 MP: 7/7
  2605 | D:4      | Reached skill level 5 in Fighting
  3182 | D:4      | Found a transporter.
  3191 | D:4      | Found Juruocin's Armour Boutique.
  3215 | D:4      | Noticed THTSBRD's ghost (amateur DrMo)
  3240 | D:4      | Found a transporter.
  3250 | D:4      | Found a one-way gate to the infinite horrors of the Abyss.
  3252 | D:4      | Noticed a small abomination
  3565 | D:5      | Entered Level 5 of the Dungeon
  3587 | D:5      | Noticed Sigmund
  3600 | D:5      | Killed Sigmund
  3606 | D:5      | Reached XP level 8. HP: 57/64 MP: 8/8
  3609 | D:5      | Found a runed translucent door.
  3611 | D:5      | Noticed a yak
  3611 | D:5      | Noticed Neon14's ghost (novice MiBe)
  3727 | D:5      | Reached skill level 6 in Fighting
  3810 | D:5      | Found Tanetiu's Jewellery Shoppe.
  4214 | D:5      | Found a runed translucent door.
  4215 | D:5      | Noticed Crazy Yiuf
  4224 | D:5      | Killed Crazy Yiuf
  4546 | D:5      | Reached skill level 5 in Maces & Flails
  4576 | D:6      | Reached skill level 7 in Fighting
  4578 | D:6      | Reached XP level 9. HP: 67/72 MP: 9/9
  4749 | D:6      | Noticed Eustachio
  4792 | D:6      | Killed Eustachio
  5356 | D:7      | Noticed Duvessa
  5356 | D:7      | Noticed Dowan
  5365 | D:7      | Reached skill level 5 in Dodging
  5369 | D:7      | Killed Duvessa
  5375 | D:7      | Killed Dowan
  5718 | D:7      | Noticed Jeremiah
  5775 | D:7      | Killed from afar by Jeremiah

Illustrated notes

Levels and vault maps discovered:
D:1:      amcnicky_arrival_feature_with_door, layout_loops_cross
D:2:      layout_basic, ebering_ecumenical_altar_webs, serial_shops, shop,
          chequers_serial_rivers_micro_c
D:3:      layout_loops_ring, mainiacjoe_overflow_surrounded_room
D:4:      layout_basic, mainiacjoe_overflow_concentric_impassable, bloody_trog,
          minmay_temple_entry_fiery, serial_shops, shop,
          gammafunk_ghost_abyssal_escape, nicolae_ossuary_entry_false_entrances,
          serial_aquarium, aquarium_bridge_long_joined
          [aquarium_subvault_bridge, aquarium_subvault_wall,
          aquarium_subvault_window, aquarium_subvault_window,
          aquarium_subvault_bridge, aquarium_subvault_balcony],
          aquarium_bridge_straight [aquarium_subvault_bridge,
          aquarium_subvault_wall, aquarium_subvault_bridge,
          aquarium_subvault_window], aquarium_window_fake, aquarium_window_fake,
          aquarium_view_2b, aquarium_view_2b, aquarium_balcony_double_1
D:5:      layout_basic, mainiacjoe_overflow_alcove_4, serial_shops,
          nicolae_shop_gaudy_bauble, ebering_ghost_inner_flame,
          minmay_checkerbox, uniq_sigmund, uniq_crazy_yiuf_cottage
D:6:      nicolae_cairo_tiling_large_dashed, layout_basic, uniq_eustachio
D:7:      layout_basic, uniq_jeremiah, uniq_duvessa
Temple:   regret_index_temple_sphere_string

Skill      XL: |  1  2  3  4  5  6  7  8  9 |
---------------+----------------------------+-----
Fighting       | 3 4 5 7 |  7.8
Maces & Flails | 1 2 3 5 6 |  6.1
Dodging        | 3 4 5 |  5.2
Armour         | 1 2 3 4 |  4.1
Long Blades    | |  3.6
Throwing       | |  1.9

Action                     |  1- 3 |  4- 6 |  7- 9 || total
---------------------------+-------+-------+-------++-------
  Melee: Long sword        |    34 |    16 |       ||    50
         Flail             |    33 |    75 |   180 ||   288
         Dagger            |     3 |       |       ||     3
         Whip              |       |    59 |   174 ||   233
         Mace              |       |       |    15 ||    15
 Invoke: Potion Petition   |       |       |     1 ||     1
    Use: Scroll            |       |     4 |     6 ||    10
         Potion            |       |       |     9 ||     9
   Stab: Sleeping          |     1 |     1 |       ||     2
         Distracted        |       |       |     2 ||     2
 Armour: Leather armour    |    27 |       |       ||    27
         Ring mail         |       |    45 |   172 ||   217
         Scale mail        |       |    16 |    13 ||    29
  Dodge: Dodged            |    26 |    51 |   186 ||   263

Table legend: (Time is in decaauts)
 A = Elapsed time spent in this place.
 B = Non-inter-level travel time spent in this place.
 C = Inter-level travel time spent in this place.
 D = Time resting spent in this place.
 E = Time spent auto-exploring this place.
 F = Levels seen in this place.
 G = Mean time per level.
                   A        B        C        D        E       F      G
               +--------+--------+--------+--------+--------+-----+--------+
         Total |   5812 |   5271 |    541 |     98 |   4030 |   8 |  726.5 |
       Dungeon |   5785 |   5268 |    517 |     98 |   4030 |   7 |  826.4 |
        Temple |     26 |      2 |     24 |      0 |      0 |   1 |   26.0 |
               +--------+--------+--------+--------+--------+-----+--------+

Top non-repeatable levels by time:
     D:4: 1363 daAuts
     D:5: 946 daAuts
     D:3: 838 daAuts
     D:6: 790 daAuts
     D:2: 715 daAuts
     D:1: 655 daAuts
     D:7: 476 daAuts
  Temple: 26 daAuts
